[ AOE2 MATCH · #481600702 ]
UnrankedChinese vs Goths
[ REPLAY ANALYSIS · EXTRACTED FROM THE RECORDED GAME ]
Feudal
13:04
Castle
19:03
Imperial
39:21
| APM avg | 12.2 |
| APM peak | 44 |
| eAPM avg | 8.5 |
| Villagers / military | 98 / 89 |
Focus
⚔️ 33.5% · 🌾 66.5%
Chu Ko Nu ×86 · Iron Pagoda ×2 · Monk ×1 · Trade Cart ×1
Feudal
14:14
Castle
19:24
Imperial
32:54
| APM avg | 12.2 |
| APM peak | 25 |
| eAPM avg | 10.4 |
| Villagers / military | 106 / 318 |
Focus
⚔️ 29.9% · 🌾 70.1%
Huskarl ×138 · Militia ×110 · Spearman ×70
Feudal
10:08
Castle
16:01
Imperial
33:27
| APM avg | 34.7 |
| APM peak | 83 |
| eAPM avg | 18.4 |
| Villagers / military | 129 / 92 |
Focus
⚔️ 21.9% · 🌾 78.1%
Magyar Huszar ×46 · Cavalry Archer ×39 · Trade Cart ×6 · Trebuchet (Packed) ×4 · Monk ×2 · Battering Ram ×1
Feudal
12:02
Castle
23:49
Imperial
33:00
| APM avg | 18.5 |
| APM peak | 77 |
| eAPM avg | 8.5 |
| Villagers / military | 44 / 62 |
Focus
⚔️ 28.8% · 🌾 71.2%
Tarkan ×61 · Trade Cart ×3 · Trebuchet (Packed) ×1
Feudal
11:53
Castle
17:03
Imperial
35:55
| APM avg | 18.9 |
| APM peak | 48 |
| eAPM avg | 10.8 |
| Villagers / military | 105 / 85 |
Focus
⚔️ 35.8% · 🌾 64.2%
Spearman ×39 · Militia ×22 · Throwing Axeman ×10 · Battering Ram ×8 · Knight ×4 · Mangonel ×2
Feudal
13:45
Castle
23:14
Imperial
—
| APM avg | 12.4 |
| APM peak | 43 |
| eAPM avg | 7.1 |
| Villagers / military | 85 / 86 |
Focus
⚔️ 26.3% · 🌾 73.7%
Jaguar Warrior ×73 · Militia ×11 · Monk ×2
Feudal
14:14
Castle
23:18
Imperial
29:48
| APM avg | 20.7 |
| APM peak | 43 |
| eAPM avg | 12.1 |
| Villagers / military | 88 / 57 |
Focus
⚔️ 14.5% · 🌾 85.5%
Hussite Wagon ×23 · Hand Cannoneer ×20 · Bombard Cannon ×13 · Trade Cart ×10 · Archer ×1
Feudal
14:07
Castle
22:49
Imperial
37:45
| APM avg | 16.1 |
| APM peak | 45 |
| eAPM avg | 9.5 |
| Villagers / military | 123 / 34 |
Focus
⚔️ 11.7% · 🌾 88.3%
Kamayuk ×13 · Mangonel ×12 · Spearman ×8 · Trade Cart ×5 · Monk ×1
Match map
Initial resources + every placement click. Lines = walls · curves = elevation contours. ◆ gold · ⬟ stone · ● berries · ✦ relic · ◌ wall gap
Your base· ✓ Closed at 19:03 · 0t walls · 2 gate(s)
Czarhe's base· ✓ Closed at 19:24 · 0t walls · 2 gate(s)
d ka tatagos sakin ya's base· ✓ Closed at 16:01 · 0t walls · 3 gate(s)
ABDUL-BASIT ADAM's base· ✓ Closed at 23:49 · 0t walls · 2 gate(s)
gertiekummet16841's base· ✓ Closed at 17:03 · 0t walls · 2 gate(s)
Lucius Cornelius Sulla's base· ✓ Closed at 23:14 · 0t walls · 2 gate(s)
alambaliid's base· ✓ Closed at 23:18 · 0t walls · 2 gate(s)
BOOSTED's base· ✓ Closed at 22:49 · 0t walls · 2 gate(s)
Smoothed initial terrain · ◌ = detected wall gap · hover for details
Inputs per minute
— Hardd - - Czarhe
Build order — Hardd
First 150 of 288 actions detected
| 0:40 | Build | Lumber Camp |
| 1:49 | Create | Villager (Male) |
| 1:50 | Create | Villager (Male) |
| 1:50 | Create | Villager (Male) |
| 2:05 | Create | Villager (Male) |
| 2:05 | Create | Villager (Male) |
| 2:47 | Create | Villager (Male) |
| 2:48 | Create | Villager (Male) |
| 2:48 | Create | Villager (Male) |
| 3:51 | Create | Villager (Male) |
| 3:51 | Create | Villager (Male) |
| 3:52 | Create | Villager (Male) |
| 4:02 | Create | Villager (Male) |
| 4:02 | Create | Villager (Male) |
| 4:32 | Build | Mill |
| 4:58 | Create | Villager (Male) |
| 4:58 | Create | Villager (Male) |
| 5:23 | Build | House |
| 5:29 | Create | Villager (Male) |
| 5:51 | Create | Villager (Male) |
| 6:11 | Build | House |
| 6:14 | Create | Villager (Male) |
| 7:23 | Build | Farm |
| 7:44 | Build | Mining Camp |
| 8:56 | Create | Villager (Male) |
| 8:57 | Create | Villager (Male) |
| 8:57 | Create | Villager (Male) |
| 8:58 | Create | Villager (Male) |
| 9:41 | Build | Farm |
| 10:51 | Build | Farm |
| 10:54 | Research | Feudal Age |
| 11:22 | Build | Farm |
| 11:27 | Build | Farm |
| 11:33 | Build | Farm |
| 11:38 | Build | Farm |
| 11:48 | Build | House |
| 13:04 | Age | Feudal Age |
| 13:21 | Create | Villager (Male) |
| 13:21 | Create | Villager (Male) |
| 13:22 | Create | Villager (Male) |
| 14:56 | Build | Market |
| 15:05 | Build | Blacksmith |
| 16:23 | Research | Castle Age |
| 16:48 | Research | Double-Bit Axe |
| 16:51 | Research | Gold Mining |
| 16:52 | Research | Horse Collar |
| 16:57 | Build | Farm |
| 19:03 | Age | Castle Age |
| 19:48 | Create | Villager (Male) |
| 19:48 | Create | Villager (Male) |
| 19:49 | Create | Villager (Male) |
| 19:49 | Create | Villager (Male) |
| 19:49 | Create | Villager (Male) |
| 19:49 | Create | Villager (Male) |
| 19:49 | Create | Villager (Male) |
| 19:59 | Build | Town Center |
| 20:09 | Build | Mining Camp |
| 20:34 | Create | Villager (Male) |
| 20:35 | Create | Villager (Male) |
| 20:48 | Build | Mining Camp |
| 21:13 | Build | Farm |
| 21:20 | Research | Bow Saw |
| 21:25 | Create | Villager (Male) |
| 21:38 | Build | Lumber Camp |
| 22:30 | Build | Farm |
| 22:34 | Create | Villager (Male) |
| 22:34 | Create | Villager (Male) |
| 22:35 | Create | Villager (Male) |
| 22:35 | Create | Villager (Male) |
| 22:35 | Create | Villager (Male) |
| 22:35 | Create | Villager (Male) |
| 22:35 | Create | Villager (Male) |
| 22:56 | Create | Villager (Male) |
| 22:57 | Create | Villager (Male) |
| 22:58 | Create | Villager (Male) |
| 22:58 | Create | Villager (Male) |
| 23:05 | Build | Farm |
| 23:20 | Build | Lumber Camp |
| 23:25 | Create | Villager (Male) |
| 23:25 | Create | Villager (Male) |
| 23:41 | Build | Farm |
| 23:44 | Create | Villager (Male) |
| 23:44 | Create | Villager (Male) |
| 23:55 | Research | Stone Mining |
| 24:02 | Build | Farm |
| 24:11 | Create | Villager (Male) |
| 24:11 | Create | Villager (Male) |
| 24:22 | Build | Farm |
| 24:39 | Create | Trade Cart |
| 25:31 | Build | University |
| 25:37 | Build | House |
| 25:38 | Build | House |
| 26:08 | Research | Gold Shaft Mining |
| 26:12 | Research | Stone Shaft Mining |
| 26:16 | Research | Heavy Plow |
| 26:27 | Create | Villager (Male) |
| 26:59 | Build | Farm |
| 27:07 | Build | Farm |
| 27:22 | Create | Villager (Male) |
| 27:23 | Create | Villager (Male) |
| 27:23 | Create | Villager (Male) |
| 27:23 | Create | Villager (Male) |
| 27:24 | Create | Villager (Male) |
| 27:24 | Create | Villager (Male) |
| 27:28 | Build | Farm |
| 27:51 | Build | Town Center |
| 28:10 | Build | House |
| 28:12 | Build | House |
| 28:23 | Build | Farm |
| 28:35 | Build | Monastery |
| 28:44 | Build | House |
| 28:59 | Create | Villager (Male) |
| 28:59 | Create | Villager (Male) |
| 29:15 | Research | Wheelbarrow |
| 29:18 | Create | Villager (Male) |
| 29:18 | Create | Villager (Male) |
| 29:19 | Create | Villager (Male) |
| 29:26 | Build | Farm |
| 29:29 | Create | Monk |
| 29:43 | Create | Villager (Male) |
| 30:00 | Build | Castle |
| 30:22 | Build | Town Center |
| 31:10 | Create | Villager (Male) |
| 31:10 | Create | Villager (Male) |
| 31:10 | Create | Villager (Male) |
| 31:10 | Create | Villager (Male) |
| 31:10 | Create | Villager (Male) |
| 31:15 | Research | Hand Cart |
| 31:22 | Build | Farm |
| 31:36 | Create | Villager (Male) |
| 31:36 | Create | Villager (Male) |
| 31:36 | Create | Villager (Male) |
| 31:36 | Create | Villager (Male) |
| 31:41 | Build | Farm |
| 32:09 | Build | Castle |
| 32:31 | Build | Farm |
| 32:40 | Build | Farm |
| 32:49 | Create | Villager (Male) |
| 32:49 | Create | Villager (Male) |
| 32:50 | Create | Villager (Male) |
| 32:50 | Create | Villager (Male) |
| 33:02 | Build | Siege Workshop |
| 33:16 | Build | Barracks |
| 33:31 | Build | Watch Tower |
| 33:36 | Create | Villager (Male) |
| 33:36 | Create | Villager (Male) |
| 33:36 | Create | Villager (Male) |
| 33:36 | Create | Villager (Male) |
| 33:36 | Create | Villager (Male) |
| 33:37 | Create | Villager (Male) |
Build order — Czarhe
First 150 of 298 actions detected
| 0:01 | Create | Villager (Male) ×4 |
| 0:03 | Build | House |
| 0:08 | Build | House |
| 1:26 | Create | Villager (Male) |
| 1:46 | Research | Loom |
| 2:08 | Create | Villager (Male) |
| 2:13 | Build | Lumber Camp |
| 2:30 | Create | Villager (Male) |
| 2:46 | Build | House |
| 2:49 | Build | House |
| 2:58 | Create | Villager (Male) |
| 3:05 | Create | Villager (Male) |
| 3:40 | Create | Villager (Male) |
| 3:55 | Create | Villager (Male) |
| 4:44 | Create | Villager (Male) |
| 4:44 | Create | Villager (Male) |
| 4:51 | Build | Mill |
| 5:13 | Create | Villager (Male) |
| 5:37 | Create | Villager (Male) |
| 6:01 | Create | Villager (Male) |
| 6:22 | Create | Villager (Male) |
| 6:34 | Build | Mining Camp |
| 6:46 | Create | Villager (Male) |
| 6:52 | Build | House |
| 6:57 | Build | Barracks |
| 7:05 | Create | Villager (Male) |
| 7:32 | Create | Villager (Male) |
| 7:54 | Build | Mining Camp |
| 7:59 | Create | Villager (Male) |
| 8:30 | Create | Villager (Male) |
| 9:09 | Create | Villager (Male) |
| 9:09 | Create | Villager (Male) |
| 9:36 | Create | Villager (Male) |
| 9:41 | Build | House |
| 9:42 | Build | House |
| 10:03 | Create | Villager (Male) |
| 10:45 | Create | Villager (Male) |
| 10:56 | Build | Farm |
| 11:02 | Create | Villager (Male) |
| 11:19 | Create | Villager (Male) |
| 11:22 | Build | Farm |
| 11:42 | Research | Feudal Age |
| 12:14 | Build | Farm |
| 12:15 | Build | Farm |
| 12:16 | Build | Farm |
| 12:17 | Build | Farm |
| 12:17 | Build | Farm |
| 12:18 | Build | Farm |
| 12:19 | Build | Farm |
| 12:21 | Build | Farm |
| 12:44 | Create | Villager (Male) |
| 12:45 | Create | Villager (Male) |
| 14:14 | Age | Feudal Age |
| 14:33 | Build | Market |
| 14:44 | Build | Blacksmith |
| 14:59 | Create | Villager (Male) |
| 15:08 | Build | House |
| 15:10 | Build | House |
| 15:21 | Create | Villager (Male) |
| 15:50 | Create | Villager (Male) |
| 16:17 | Create | Villager (Male) |
| 16:32 | Research | Castle Age |
| 16:51 | Research | Double-Bit Axe |
| 16:53 | Research | Gold Mining |
| 16:55 | Research | Horse Collar |
| 17:04 | Build | Farm |
| 17:05 | Build | Farm |
| 17:10 | Build | Farm |
| 17:13 | Build | Farm |
| 17:34 | Research | Stone Mining |
| 18:01 | Research | Forging |
| 18:02 | Research | Scale Mail Armor |
| 18:23 | Research | Scale Mail Armor |
| 18:54 | Create | Villager (Male) |
| 18:55 | Create | Villager (Male) |
| 19:24 | Age | Castle Age |
| 19:28 | Build | Town Center |
| 19:35 | Create | Villager (Male) |
| 19:35 | Create | Villager (Male) |
| 19:44 | Build | Town Center |
| 19:49 | Build | Town Center |
| 20:10 | Create | Villager (Male) |
| 20:11 | Create | Villager (Male) |
| 20:37 | Create | Villager (Male) |
| 20:53 | Create | Villager (Male) |
| 21:00 | Create | Villager (Male) |
| 21:00 | Create | Villager (Male) |
| 21:17 | Create | Villager (Male) |
| 21:18 | Create | Villager (Male) |
| 21:49 | Create | Villager (Male) |
| 21:49 | Create | Villager (Male) |
| 22:00 | Create | Villager (Male) |
| 22:01 | Create | Villager (Male) |
| 22:07 | Build | House |
| 22:08 | Build | House |
| 22:10 | Build | House |
| 22:21 | Create | Villager (Male) |
| 22:21 | Create | Villager (Male) |
| 22:35 | Create | Villager (Male) |
| 22:36 | Create | Villager (Male) |
| 22:49 | Build | Farm |
| 22:53 | Build | Farm |
| 22:56 | Build | Farm |
| 23:04 | Create | Villager (Male) ×3 |
| 23:13 | Build | House |
| 23:14 | Build | House |
| 23:16 | Build | House |
| 23:17 | Build | House |
| 23:18 | Build | House |
| 23:25 | Build | Farm |
| 23:26 | Build | Farm |
| 23:33 | Create | Villager (Male) ×3 |
| 23:44 | Build | Farm |
| 23:53 | Build | Mining Camp |
| 24:08 | Create | Villager (Male) ×3 |
| 24:13 | Build | Lumber Camp |
| 24:19 | Create | Villager (Male) |
| 24:26 | Build | Mining Camp |
| 24:35 | Create | Villager (Male) ×2 |
| 24:45 | Build | Farm |
| 24:48 | Build | Farm |
| 24:51 | Build | Farm |
| 24:57 | Create | Villager (Male) ×3 |
| 25:07 | Build | Farm |
| 25:09 | Build | Farm |
| 25:14 | Build | Farm |
| 25:22 | Create | Villager (Male) ×3 |
| 25:32 | Build | Farm |
| 25:37 | Build | Farm |
| 25:46 | Build | Farm |
| 25:55 | Create | Villager (Male) ×4 |
| 25:57 | Build | Farm |
| 26:01 | Build | Farm |
| 26:06 | Create | Villager (Male) |
| 26:10 | Build | Farm |
| 26:15 | Create | Villager (Male) ×3 |
| 26:19 | Build | House |
| 26:20 | Build | House |
| 26:21 | Build | House |
| 26:23 | Build | House |
| 26:25 | Build | House |
| 26:29 | Build | University |
| 26:39 | Create | Villager (Male) ×4 |
| 26:50 | Research | Bow Saw |
| 26:55 | Build | Farm |
| 26:57 | Build | Farm |
| 27:04 | Create | Villager (Male) ×3 |
| 27:13 | Build | Castle |
| 27:21 | Build | Farm |
| 27:22 | Build | Farm |
Build order — d ka tatagos sakin ya
First 150 of 385 actions detected
| 0:01 | Create | Villager (Male) |
| 0:02 | Create | Villager (Male) |
| 0:04 | Build | House |
| 0:05 | Build | House |
| 0:47 | Create | Villager (Male) |
| 0:47 | Create | Villager (Male) |
| 1:29 | Create | Villager (Male) |
| 1:44 | Build | Lumber Camp |
| 2:03 | Create | Villager (Male) |
| 2:31 | Create | Villager (Male) |
| 2:54 | Create | Villager (Male) |
| 3:27 | Create | Villager (Male) |
| 3:53 | Create | Villager (Male) |
| 4:11 | Create | Villager (Male) |
| 4:26 | Build | House |
| 4:47 | Create | Villager (Male) |
| 4:47 | Create | Villager (Male) |
| 5:10 | Build | House |
| 5:31 | Create | Villager (Male) |
| 5:56 | Build | House |
| 6:33 | Create | Villager (Male) |
| 7:04 | Build | Mill |
| 7:14 | Create | Villager (Male) |
| 7:55 | Build | Mining Camp |
| 7:58 | Research | Feudal Age |
| 9:16 | Create | Villager (Male) |
| 9:49 | Create | Villager (Male) |
| 9:49 | Create | Villager (Male) |
| 9:52 | Build | Farm |
| 9:53 | Build | Farm |
| 10:08 | Age | Feudal Age |
| 10:37 | Build | Market |
| 11:04 | Build | Blacksmith |
| 11:21 | Create | Villager (Male) |
| 11:25 | Build | Farm |
| 11:53 | Build | Farm |
| 11:54 | Create | Villager (Male) |
| 12:04 | Build | House |
| 12:22 | Build | Farm |
| 12:24 | Create | Villager (Male) |
| 12:41 | Build | House |
| 12:51 | Build | Farm |
| 13:21 | Research | Castle Age |
| 14:17 | Research | Double-Bit Axe |
| 15:23 | Create | Villager (Male) |
| 16:01 | Age | Castle Age |
| 16:04 | Build | Town Center |
| 16:10 | Create | Villager (Male) |
| 16:29 | Build | Town Center |
| 16:36 | Create | Villager (Male) |
| 17:06 | Research | Horse Collar |
| 17:10 | Build | Farm |
| 17:10 | Build | Farm |
| 17:12 | Create | Villager (Male) |
| 17:31 | Create | Villager (Male) |
| 17:39 | Build | Monastery |
| 17:45 | Create | Villager (Male) |
| 17:45 | Create | Villager (Male) |
| 17:45 | Create | Villager (Male) |
| 17:55 | Create | Villager (Male) |
| 18:10 | Build | Farm |
| 18:17 | Create | Villager (Male) |
| 18:19 | Create | Villager (Male) |
| 18:21 | Create | Villager (Male) |
| 18:25 | Build | Farm |
| 18:25 | Build | Farm |
| 18:33 | Create | Monk |
| 18:34 | Create | Monk |
| 18:36 | Build | House |
| 18:51 | Create | Villager (Male) |
| 18:53 | Build | Farm |
| 19:03 | Build | Farm |
| 19:05 | Create | Villager (Male) |
| 19:08 | Build | House |
| 19:10 | Create | Villager (Male) |
| 19:11 | Create | Villager (Male) |
| 19:14 | Build | Farm |
| 19:16 | Build | Farm |
| 19:16 | Build | Farm |
| 19:21 | Create | Villager (Male) |
| 19:22 | Create | Villager (Male) |
| 19:36 | Create | Villager (Male) |
| 19:37 | Build | Farm |
| 19:42 | Build | House |
| 19:46 | Build | Farm |
| 19:48 | Create | Villager (Male) |
| 20:02 | Create | Villager (Male) |
| 20:02 | Create | Villager (Male) |
| 20:15 | Build | Farm |
| 20:32 | Create | Villager (Male) |
| 20:50 | Create | Villager (Male) |
| 20:52 | Build | Farm |
| 20:56 | Build | Farm |
| 20:57 | Create | Villager (Male) |
| 20:57 | Create | Villager (Male) |
| 21:00 | Build | Farm |
| 21:00 | Build | Farm |
| 21:04 | Create | Villager (Male) |
| 21:08 | Create | Villager (Male) |
| 21:11 | Create | Villager (Male) |
| 21:15 | Build | Farm |
| 21:28 | Create | Villager (Male) |
| 21:37 | Build | Farm |
| 21:39 | Create | Villager (Male) |
| 21:45 | Build | Farm |
| 21:45 | Build | Farm |
| 21:46 | Build | Farm |
| 21:46 | Build | Farm |
| 21:46 | Build | Farm |
| 21:46 | Build | Farm |
| 21:48 | Create | Villager (Male) |
| 21:49 | Create | Villager (Male) |
| 21:53 | Create | Villager (Male) |
| 22:07 | Research | Heavy Plow |
| 22:17 | Build | Farm |
| 22:19 | Create | Villager (Male) |
| 22:21 | Create | Villager (Male) |
| 22:25 | Create | Villager (Male) |
| 22:43 | Build | House |
| 22:46 | Build | House |
| 22:48 | Build | House |
| 22:49 | Build | House |
| 22:55 | Build | Farm |
| 23:05 | Build | Farm |
| 23:15 | Build | Mining Camp |
| 23:30 | Build | Farm |
| 23:31 | Create | Villager (Male) |
| 23:32 | Create | Villager (Male) |
| 23:35 | Create | Villager (Male) |
| 23:35 | Create | Villager (Male) |
| 23:38 | Create | Villager (Male) |
| 23:39 | Create | Villager (Male) |
| 23:39 | Create | Villager (Male) |
| 24:08 | Create | Villager (Male) |
| 24:18 | Create | Villager (Male) |
| 24:18 | Create | Villager (Male) |
| 24:19 | Create | Villager (Male) |
| 24:19 | Create | Villager (Male) |
| 24:31 | Create | Villager (Male) |
| 24:31 | Create | Villager (Male) |
| 24:34 | Research | Gold Mining |
| 24:37 | Build | House |
| 25:03 | Create | Villager (Male) |
| 25:07 | Research | Bow Saw |
| 25:12 | Create | Villager (Male) |
| 25:15 | Create | Villager (Male) |
| 25:21 | Research | Stone Mining |
| 25:34 | Create | Villager (Male) |
| 25:39 | Build | House |
| 25:41 | Build | House |
Build order — ABDUL-BASIT ADAM
First 150 of 173 actions detected
| 0:01 | Create | Villager (Male) |
| 0:02 | Create | Villager (Male) |
| 0:02 | Create | Villager (Male) |
| 0:02 | Create | Villager (Male) |
| 0:02 | Create | Villager (Male) |
| 1:32 | Create | Villager (Male) |
| 1:33 | Create | Villager (Male) |
| 1:33 | Create | Villager (Male) |
| 2:15 | Create | Villager (Male) |
| 2:28 | Create | Villager (Male) |
| 2:56 | Create | Villager (Male) |
| 3:28 | Build | Lumber Camp |
| 3:59 | Create | Villager (Male) |
| 4:00 | Create | Villager (Male) |
| 4:00 | Create | Villager (Male) |
| 4:01 | Create | Villager (Male) |
| 4:01 | Create | Villager (Male) |
| 6:11 | Create | Villager (Male) |
| 6:12 | Create | Villager (Male) |
| 6:14 | Create | Villager (Male) |
| 7:33 | Build | Mill |
| 7:53 | Create | Villager (Male) |
| 8:08 | Create | Villager (Male) |
| 9:52 | Research | Feudal Age |
| 10:00 | Build | Mining Camp |
| 10:12 | Build | Mining Camp |
| 12:02 | Age | Feudal Age |
| 12:15 | Create | Villager (Male) |
| 12:16 | Create | Villager (Male) |
| 12:16 | Create | Villager (Male) |
| 12:17 | Create | Villager (Male) |
| 12:18 | Research | Wheelbarrow |
| 12:23 | Research | Double-Bit Axe |
| 13:04 | Build | Market |
| 14:06 | Build | Barracks |
| 14:26 | Build | Blacksmith |
| 14:32 | Create | Villager (Male) |
| 14:43 | Research | Gold Mining |
| 14:44 | Research | Stone Mining |
| 14:51 | Research | Horse Collar |
| 15:48 | Build | Mill |
| 16:28 | Build | Farm |
| 16:30 | Build | Farm |
| 16:37 | Build | Farm |
| 16:41 | Create | Villager (Male) |
| 16:41 | Create | Villager (Male) |
| 17:03 | Build | Farm |
| 17:23 | Build | Farm |
| 18:05 | Build | Farm |
| 18:33 | Create | Villager (Male) |
| 18:34 | Create | Villager (Male) |
| 19:30 | Build | Farm |
| 19:34 | Build | Farm |
| 21:09 | Research | Castle Age |
| 21:28 | Create | Trade Cart |
| 21:31 | Create | Trade Cart |
| 21:31 | Create | Trade Cart |
| 23:49 | Age | Castle Age |
| 24:02 | Build | Mining Camp |
| 24:38 | Create | Villager (Male) |
| 24:38 | Create | Villager (Male) |
| 24:38 | Create | Villager (Male) |
| 24:38 | Create | Villager (Male) |
| 25:05 | Build | Castle |
| 25:36 | Research | Heavy Plow |
| 25:47 | Research | Bow Saw |
| 26:09 | Build | Farm |
| 26:12 | Build | Farm |
| 26:15 | Build | Farm |
| 27:10 | Build | Farm |
| 27:15 | Research | Gold Shaft Mining |
| 27:46 | Build | Mining Camp |
| 28:37 | Build | Stable |
| 28:48 | Research | Marauders |
| 29:30 | Build | Lumber Camp |
| 29:50 | Research | Imperial Age |
| 30:39 | Build | Town Center |
| 31:32 | Research | Forging |
| 31:43 | Research | Scale Barding Armor |
| 32:14 | Create | Tarkan |
| 32:14 | Create | Tarkan |
| 32:14 | Create | Tarkan |
| 32:14 | Create | Tarkan |
| 32:20 | Create | Tarkan |
| 32:20 | Create | Tarkan |
| 32:20 | Create | Tarkan |
| 32:21 | Research | Bloodlines |
| 32:21 | Research | Husbandry |
| 32:27 | Create | Tarkan |
| 32:27 | Create | Tarkan |
| 32:27 | Create | Tarkan |
| 32:30 | Create | Tarkan |
| 32:31 | Create | Tarkan |
| 33:00 | Age | Imperial Age |
| 33:26 | Build | Castle |
| 34:15 | Create | Villager (Male) |
| 34:15 | Create | Villager (Male) |
| 34:16 | Create | Villager (Male) |
| 34:16 | Create | Villager (Male) |
| 34:18 | Create | Villager (Male) |
| 34:18 | Create | Villager (Male) |
| 34:30 | Create | Villager (Male) |
| 34:30 | Create | Villager (Male) |
| 34:30 | Create | Villager (Male) |
| 34:31 | Create | Villager (Male) |
| 34:54 | Research | Iron Casting |
| 34:58 | Build | Farm |
| 35:19 | Build | Farm |
| 35:24 | Build | Farm |
| 35:30 | Build | Farm |
| 35:43 | Build | Farm |
| 35:48 | Build | Farm |
| 35:55 | Build | Farm |
| 36:20 | Build | Farm |
| 36:36 | Build | Farm |
| 36:43 | Build | Farm |
| 37:45 | Build | Farm |
| 38:14 | Research | Tech 2 |
| 39:02 | Build | Farm |
| 39:09 | Build | Farm |
| 39:16 | Build | Farm |
| 39:25 | Build | Farm |
| 40:09 | Create | Tarkan |
| 40:09 | Create | Tarkan |
| 40:10 | Create | Tarkan |
| 40:10 | Create | Tarkan |
| 40:10 | Create | Tarkan |
| 40:10 | Create | Tarkan |
| 40:15 | Build | Farm |
| 40:18 | Create | Tarkan |
| 40:18 | Create | Tarkan |
| 40:18 | Create | Tarkan |
| 40:19 | Create | Tarkan |
| 40:19 | Create | Tarkan |
| 40:19 | Create | Tarkan |
| 40:25 | Create | Tarkan |
| 40:25 | Create | Tarkan |
| 40:25 | Create | Tarkan |
| 40:25 | Create | Tarkan |
| 41:41 | Create | Trebuchet (Packed) |
| 42:01 | Create | Tarkan |
| 42:01 | Create | Tarkan |
| 42:02 | Create | Tarkan |
| 42:02 | Create | Tarkan |
| 42:02 | Create | Tarkan |
| 42:08 | Create | Tarkan |
| 42:08 | Create | Tarkan |
| 42:08 | Create | Tarkan |
| 42:09 | Create | Tarkan |
| 42:09 | Create | Tarkan |
Build order — gertiekummet16841
First 150 of 333 actions detected
| 0:08 | Build | House |
| 0:12 | Build | House |
| 0:16 | Research | Loom |
| 0:16 | Create | Villager (Male) |
| 0:16 | Create | Villager (Male) |
| 0:17 | Create | Villager (Male) |
| 0:17 | Create | Villager (Male) |
| 0:17 | Create | Villager (Male) |
| 0:17 | Create | Villager (Male) |
| 2:20 | Create | Villager (Male) |
| 2:20 | Create | Villager (Male) |
| 2:21 | Create | Villager (Male) |
| 2:29 | Build | Lumber Camp |
| 2:50 | Create | Villager (Male) |
| 2:50 | Create | Villager (Male) |
| 2:50 | Create | Villager (Male) |
| 2:51 | Create | Villager (Male) |
| 3:50 | Create | Villager (Male) |
| 4:09 | Create | Villager (Male) |
| 4:09 | Create | Villager (Male) |
| 4:28 | Build | Mill |
| 4:41 | Create | Villager (Male) |
| 4:41 | Create | Villager (Male) |
| 4:41 | Create | Villager (Male) |
| 5:35 | Create | Villager (Male) |
| 5:35 | Create | Villager (Male) |
| 5:35 | Create | Villager (Male) |
| 5:36 | Create | Villager (Male) |
| 5:36 | Create | Villager (Male) |
| 5:36 | Create | Villager (Male) |
| 5:46 | Build | House |
| 6:04 | Create | Villager (Male) |
| 6:04 | Create | Villager (Male) |
| 6:05 | Create | Villager (Male) |
| 6:19 | Create | Villager (Male) |
| 6:19 | Create | Villager (Male) |
| 6:19 | Create | Villager (Male) |
| 6:19 | Create | Villager (Male) |
| 7:21 | Create | Villager (Male) |
| 7:21 | Create | Villager (Male) |
| 7:22 | Create | Villager (Male) |
| 8:09 | Build | Mining Camp |
| 8:32 | Build | House |
| 9:22 | Research | Feudal Age |
| 9:29 | Build | Mining Camp |
| 11:53 | Age | Feudal Age |
| 12:04 | Build | Blacksmith |
| 12:11 | Build | Market |
| 12:29 | Build | Farm |
| 12:34 | Build | Farm |
| 12:40 | Build | Farm |
| 12:44 | Build | Farm |
| 13:05 | Create | Villager (Male) |
| 13:05 | Create | Villager (Male) |
| 14:23 | Research | Castle Age |
| 14:33 | Build | House |
| 14:36 | Build | House |
| 14:41 | Build | House |
| 14:56 | Build | Farm |
| 15:00 | Build | Farm |
| 15:06 | Build | Farm |
| 15:14 | Build | Farm |
| 15:32 | Research | Double-Bit Axe |
| 16:46 | Create | Villager (Male) |
| 16:46 | Create | Villager (Male) |
| 16:46 | Create | Villager (Male) |
| 16:46 | Create | Villager (Male) |
| 16:47 | Create | Villager (Male) |
| 16:47 | Create | Villager (Male) |
| 16:47 | Create | Villager (Male) |
| 16:48 | Create | Villager (Male) |
| 17:03 | Age | Castle Age |
| 17:42 | Build | Castle |
| 17:58 | Research | Bow Saw |
| 18:42 | Create | Villager (Male) |
| 18:43 | Create | Villager (Male) |
| 18:43 | Create | Villager (Male) |
| 18:43 | Create | Villager (Male) |
| 18:43 | Create | Villager (Male) |
| 18:44 | Create | Villager (Male) |
| 19:13 | Build | Farm |
| 19:22 | Build | Farm |
| 20:13 | Build | Barracks |
| 20:50 | Build | Stable |
| 20:53 | Create | Spearman |
| 20:53 | Create | Spearman |
| 20:53 | Create | Spearman |
| 21:04 | Build | Town Center |
| 21:43 | Build | House |
| 21:46 | Build | House |
| 21:48 | Create | Knight |
| 21:49 | Create | Knight |
| 22:06 | Create | Villager (Male) |
| 22:06 | Create | Villager (Male) |
| 22:06 | Create | Villager (Male) |
| 22:06 | Create | Villager (Male) |
| 22:07 | Create | Villager (Male) |
| 22:30 | Build | Siege Workshop |
| 22:44 | Create | Knight |
| 22:44 | Create | Knight |
| 23:00 | Create | Villager (Male) |
| 23:00 | Create | Villager (Male) |
| 23:01 | Create | Villager (Male) |
| 23:01 | Create | Villager (Male) |
| 23:01 | Create | Villager (Male) |
| 23:01 | Create | Villager (Male) |
| 23:01 | Create | Villager (Male) |
| 23:09 | Build | Farm |
| 23:13 | Build | Farm |
| 23:16 | Build | Farm |
| 23:27 | Create | Mangonel |
| 23:27 | Create | Mangonel |
| 23:34 | Create | Spearman |
| 23:34 | Create | Spearman |
| 23:35 | Create | Spearman |
| 23:35 | Create | Spearman |
| 23:51 | Create | Villager (Male) |
| 23:51 | Create | Villager (Male) |
| 24:00 | Build | House |
| 24:04 | Build | House |
| 25:52 | Create | Villager (Male) |
| 25:53 | Create | Villager (Male) |
| 25:53 | Create | Villager (Male) |
| 25:53 | Create | Villager (Male) |
| 25:53 | Create | Villager (Male) |
| 25:53 | Create | Villager (Male) |
| 25:54 | Create | Villager (Male) |
| 26:22 | Build | Lumber Camp |
| 27:06 | Build | Stable |
| 27:11 | Build | Siege Workshop |
| 27:16 | Create | Battering Ram |
| 27:16 | Create | Battering Ram |
| 27:16 | Create | Battering Ram |
| 27:17 | Create | Battering Ram |
| 27:33 | Create | Throwing Axeman |
| 27:34 | Create | Throwing Axeman |
| 27:34 | Create | Throwing Axeman |
| 27:34 | Create | Throwing Axeman |
| 27:34 | Create | Throwing Axeman |
| 27:35 | Create | Throwing Axeman |
| 27:35 | Create | Throwing Axeman |
| 27:35 | Create | Throwing Axeman |
| 27:35 | Create | Throwing Axeman |
| 27:36 | Create | Throwing Axeman |
| 28:09 | Create | Villager (Male) |
| 28:10 | Create | Villager (Male) |
| 28:10 | Create | Villager (Male) |
| 28:10 | Create | Villager (Male) |
| 28:10 | Create | Villager (Male) |
| 28:10 | Create | Villager (Male) |
Build order — Lucius Cornelius Sulla
First 150 of 183 actions detected
| 0:03 | Create | Villager (Male) |
| 0:03 | Create | Villager (Male) |
| 0:03 | Create | Villager (Male) |
| 0:03 | Create | Villager (Male) |
| 0:04 | Create | Villager (Male) |
| 0:11 | Build | House |
| 0:13 | Build | House |
| 1:59 | Create | Villager (Male) |
| 2:00 | Create | Villager (Male) |
| 2:00 | Create | Villager (Male) |
| 2:57 | Create | Villager (Male) |
| 2:57 | Create | Villager (Male) |
| 2:58 | Create | Villager (Male) |
| 2:58 | Create | Villager (Male) |
| 2:58 | Create | Villager (Male) |
| 3:18 | Create | Villager (Male) |
| 3:19 | Create | Villager (Male) |
| 3:19 | Create | Villager (Male) |
| 3:19 | Create | Villager (Male) |
| 4:03 | Build | House |
| 4:06 | Build | House |
| 4:28 | Create | Villager (Male) |
| 4:28 | Create | Villager (Male) |
| 4:29 | Create | Villager (Male) |
| 4:29 | Create | Villager (Male) |
| 4:29 | Create | Villager (Male) |
| 5:12 | Create | Villager (Male) |
| 5:12 | Create | Villager (Male) |
| 5:12 | Create | Villager (Male) |
| 5:27 | Create | Villager (Male) |
| 7:43 | Create | Villager (Male) |
| 7:43 | Create | Villager (Male) |
| 7:43 | Create | Villager (Male) |
| 7:43 | Create | Villager (Male) |
| 7:44 | Create | Villager (Male) |
| 7:44 | Create | Villager (Male) |
| 9:06 | Create | Villager (Male) |
| 9:07 | Create | Villager (Male) |
| 9:07 | Create | Villager (Male) |
| 9:07 | Create | Villager (Male) |
| 9:08 | Create | Villager (Male) |
| 9:08 | Create | Villager (Male) |
| 9:08 | Create | Villager (Male) |
| 9:08 | Create | Villager (Male) |
| 9:58 | Build | Lumber Camp |
| 10:48 | Build | Mill |
| 11:35 | Research | Feudal Age |
| 13:45 | Age | Feudal Age |
| 13:53 | Build | Blacksmith |
| 14:01 | Build | Market |
| 14:21 | Research | Double-Bit Axe |
| 14:24 | Research | Horse Collar |
| 14:26 | Research | Wheelbarrow |
| 14:48 | Create | Villager (Male) ×3 |
| 14:48 | Create | Villager (Male) ×3 |
| 14:48 | Create | Villager (Male) ×3 |
| 14:49 | Create | Villager (Male) ×3 |
| 15:59 | Build | House |
| 16:00 | Build | House |
| 16:02 | Build | House |
| 16:03 | Build | House |
| 16:50 | Research | Scale Mail Armor |
| 16:51 | Research | Forging |
| 17:13 | Build | Mining Camp |
| 17:58 | Build | House |
| 18:01 | Build | House |
| 18:11 | Build | Farm |
| 18:12 | Build | Farm |
| 18:13 | Build | Farm |
| 18:13 | Build | Farm |
| 18:14 | Build | Farm |
| 18:15 | Build | Farm |
| 18:16 | Build | Farm |
| 18:17 | Build | Farm |
| 18:18 | Build | Farm |
| 18:19 | Build | Farm |
| 18:20 | Build | Farm |
| 18:21 | Build | Farm |
| 18:23 | Build | Farm |
| 18:24 | Build | Farm |
| 19:50 | Research | Loom |
| 20:34 | Research | Castle Age |
| 21:34 | Build | Barracks |
| 23:14 | Age | Castle Age |
| 23:24 | Build | Monastery |
| 23:28 | Create | Militia |
| 23:28 | Create | Militia |
| 23:28 | Create | Militia |
| 23:28 | Create | Militia |
| 23:28 | Create | Militia |
| 23:29 | Create | Militia |
| 23:29 | Create | Militia |
| 23:29 | Create | Militia |
| 23:29 | Create | Militia |
| 23:30 | Create | Militia |
| 23:30 | Create | Militia |
| 24:02 | Build | University |
| 24:10 | Create | Villager (Male) |
| 24:10 | Create | Villager (Male) |
| 24:10 | Create | Villager (Male) |
| 24:10 | Create | Villager (Male) |
| 24:11 | Create | Villager (Male) |
| 24:11 | Create | Villager (Male) |
| 24:11 | Create | Villager (Male) |
| 24:29 | Research | Man-at-Arms (upgrade) |
| 25:58 | Create | Villager (Male) |
| 25:58 | Create | Villager (Male) |
| 25:59 | Create | Villager (Male) |
| 25:59 | Create | Villager (Male) |
| 25:59 | Create | Villager (Male) |
| 25:59 | Create | Villager (Male) |
| 26:00 | Create | Villager (Male) |
| 26:00 | Create | Villager (Male) |
| 26:49 | Create | Monk |
| 26:50 | Create | Monk |
| 27:14 | Research | Man-at-Arms (upgrade) |
| 28:53 | Research | Gold Mining |
| 30:37 | Build | Town Center |
| 33:16 | Build | Castle |
| 34:11 | Build | Mining Camp |
| 34:32 | Build | Farm |
| 34:32 | Build | Farm |
| 34:33 | Build | Farm |
| 34:34 | Build | Farm |
| 34:34 | Build | Farm |
| 34:35 | Build | Farm |
| 34:35 | Build | Farm |
| 34:36 | Build | Farm |
| 34:36 | Build | Farm |
| 34:36 | Build | Farm |
| 34:36 | Build | Farm |
| 34:37 | Build | Farm |
| 35:15 | Build | Blacksmith |
| 36:05 | Research | Scale Mail Armor |
| 36:05 | Research | Forging |
| 36:33 | Build | House |
| 36:34 | Build | House |
| 36:36 | Build | House |
| 36:38 | Build | House |
| 36:41 | Build | House |
| 36:42 | Build | House |
| 36:44 | Build | House |
| 36:45 | Build | House |
| 36:50 | Research | Chain Mail Armor |
| 37:22 | Create | Jaguar Warrior ×5 |
| 37:22 | Create | Jaguar Warrior ×5 |
| 37:22 | Create | Jaguar Warrior ×5 |
| 37:23 | Create | Jaguar Warrior ×5 |
| 37:23 | Create | Jaguar Warrior ×5 |
| 38:34 | Build | Mining Camp |
Build order — alambaliid
First 150 of 253 actions detected
| 0:21 | Create | Villager (Male) ×4 |
| 0:24 | Build | House |
| 0:27 | Build | House |
| 0:39 | Research | Loom |
| 1:52 | Create | Villager (Male) |
| 2:11 | Build | Lumber Camp |
| 2:28 | Create | Villager (Male) |
| 3:08 | Create | Villager (Male) |
| 3:30 | Create | Villager (Male) |
| 4:11 | Build | House |
| 4:20 | Create | Villager (Male) |
| 4:25 | Build | House |
| 4:40 | Create | Villager (Male) |
| 4:41 | Create | Villager (Male) |
| 5:40 | Create | Villager (Male) |
| 5:40 | Create | Villager (Male) |
| 6:37 | Create | Villager (Male) |
| 6:52 | Create | Villager (Male) |
| 6:53 | Create | Villager (Male) |
| 7:32 | Build | Mill |
| 7:36 | Create | Villager (Male) |
| 7:38 | Create | Villager (Male) |
| 8:31 | Build | House |
| 8:35 | Create | Villager (Male) |
| 8:36 | Create | Villager (Male) |
| 8:36 | Create | Villager (Male) |
| 9:09 | Create | Villager (Male) |
| 9:10 | Create | Villager (Male) |
| 9:22 | Build | Mining Camp |
| 9:34 | Build | Farm |
| 10:01 | Build | Mining Camp |
| 10:41 | Build | House |
| 10:42 | Build | House |
| 10:49 | Create | Villager (Male) |
| 10:49 | Create | Villager (Male) |
| 10:50 | Create | Villager (Male) |
| 10:52 | Build | Farm |
| 10:53 | Build | Farm |
| 10:55 | Build | Farm |
| 10:57 | Build | Farm |
| 11:16 | Research | Feudal Age |
| 13:20 | Create | Villager (Male) ×5 |
| 14:14 | Age | Feudal Age |
| 14:25 | Create | Villager (Male) |
| 14:28 | Research | Double-Bit Axe |
| 14:35 | Research | Horse Collar |
| 14:45 | Build | Market |
| 14:58 | Create | Villager (Male) |
| 15:07 | Build | Farm |
| 15:10 | Build | Farm |
| 15:11 | Build | Farm |
| 15:16 | Build | Farm |
| 15:25 | Build | Farm |
| 15:27 | Build | Farm |
| 15:53 | Build | Farm |
| 15:56 | Build | Farm |
| 16:03 | Create | Villager (Male) |
| 16:03 | Create | Villager (Male) |
| 16:07 | Build | Farm |
| 16:09 | Build | Farm |
| 16:28 | Build | Blacksmith |
| 16:32 | Build | House |
| 16:34 | Build | House |
| 17:25 | Create | Villager (Male) |
| 18:18 | Create | Trade Cart ×5 |
| 18:30 | Create | Villager (Male) |
| 18:30 | Create | Villager (Male) |
| 18:30 | Create | Villager (Male) |
| 18:49 | Build | House |
| 18:51 | Build | House |
| 18:53 | Build | House |
| 18:54 | Build | House |
| 18:55 | Build | House |
| 19:02 | Build | Farm |
| 19:06 | Create | Villager (Male) |
| 19:09 | Build | Farm |
| 19:11 | Build | Farm |
| 19:13 | Build | Farm |
| 19:33 | Build | House |
| 20:01 | Build | Outpost |
| 20:22 | Build | House |
| 20:32 | Build | Outpost |
| 20:38 | Research | Castle Age |
| 20:44 | Research | Wheelbarrow |
| 20:51 | Build | House |
| 20:52 | Build | House |
| 20:53 | Build | House |
| 20:54 | Build | House |
| 21:17 | Build | Outpost |
| 21:33 | Create | Villager (Male) |
| 21:33 | Create | Villager (Male) |
| 21:34 | Create | Villager (Male) |
| 21:48 | Build | House |
| 21:49 | Build | House |
| 21:50 | Build | House |
| 21:53 | Build | House |
| 22:08 | Build | House |
| 22:09 | Build | House |
| 22:10 | Build | House |
| 22:28 | Build | House |
| 22:29 | Build | House |
| 22:30 | Build | House |
| 22:31 | Build | House |
| 22:33 | Build | House |
| 22:34 | Build | House |
| 22:35 | Build | House |
| 22:36 | Build | House |
| 22:37 | Build | House |
| 22:38 | Build | House |
| 22:39 | Build | House |
| 22:43 | Build | House |
| 22:45 | Build | House |
| 22:46 | Build | House |
| 22:54 | Create | Villager (Male) |
| 22:54 | Create | Villager (Male) |
| 22:55 | Research | Wheelbarrow |
| 23:18 | Age | Castle Age |
| 23:21 | Build | Town Center |
| 23:33 | Build | Castle |
| 23:50 | Build | Town Center |
| 24:04 | Create | Villager (Male) |
| 24:05 | Create | Villager (Male) |
| 24:05 | Create | Villager (Male) |
| 24:05 | Create | Villager (Male) |
| 24:05 | Create | Villager (Male) |
| 24:12 | Build | Farm |
| 25:01 | Build | House |
| 25:02 | Build | House |
| 25:03 | Build | House |
| 25:04 | Build | House |
| 25:05 | Build | House |
| 25:06 | Build | House |
| 25:07 | Build | House |
| 25:27 | Research | Imperial Age |
| 25:32 | Create | Villager (Male) |
| 25:33 | Create | Villager (Male) |
| 25:39 | Create | Villager (Male) |
| 25:43 | Create | Villager (Male) |
| 25:47 | Build | Farm |
| 25:49 | Build | Farm |
| 25:52 | Research | Imperial Age |
| 26:47 | Research | Caravan |
| 26:48 | Create | Trade Cart ×5 |
| 27:12 | Create | Villager (Male) ×4 |
| 27:38 | Create | Villager (Male) |
| 27:40 | Build | Farm |
| 27:42 | Build | Farm |
| 27:44 | Build | Farm |
| 27:45 | Build | Farm |
| 27:50 | Build | Farm |
Build order — BOOSTED
First 150 of 232 actions detected
| 0:15 | Create | Villager (Male) |
| 0:21 | Create | Villager (Male) |
| 0:26 | Create | Villager (Male) |
| 0:26 | Create | Villager (Male) |
| 0:26 | Create | Villager (Male) |
| 0:26 | Create | Villager (Male) |
| 0:50 | Build | Settlement |
| 2:02 | Create | Villager (Male) |
| 2:02 | Create | Villager (Male) |
| 2:02 | Create | Villager (Male) |
| 5:08 | Create | Villager (Male) |
| 5:08 | Create | Villager (Male) |
| 5:09 | Create | Villager (Male) |
| 5:09 | Create | Villager (Male) |
| 5:09 | Create | Villager (Male) |
| 5:44 | Create | Villager (Male) |
| 5:44 | Create | Villager (Male) |
| 6:46 | Create | Villager (Male) |
| 6:46 | Create | Villager (Male) |
| 6:46 | Create | Villager (Male) |
| 6:47 | Create | Villager (Male) |
| 7:32 | Build | Settlement |
| 8:40 | Create | Villager (Male) |
| 8:40 | Create | Villager (Male) |
| 9:04 | Create | Villager (Male) |
| 11:57 | Research | Feudal Age |
| 11:57 | Research | Feudal Age |
| 13:57 | Build | Barracks |
| 14:07 | Age | Feudal Age |
| 14:18 | Create | Villager (Male) |
| 14:18 | Create | Villager (Male) |
| 14:18 | Create | Villager (Male) |
| 14:19 | Create | Villager (Male) |
| 14:19 | Create | Villager (Male) |
| 14:29 | Research | Horse Collar |
| 14:31 | Research | Double-Bit Axe |
| 15:06 | Build | Farm |
| 15:06 | Build | Farm |
| 15:07 | Build | Farm |
| 15:07 | Build | Farm |
| 15:08 | Build | Farm |
| 15:08 | Build | Farm |
| 15:08 | Build | Farm |
| 15:08 | Build | Farm |
| 15:09 | Build | Farm |
| 15:09 | Build | Farm |
| 15:09 | Build | Farm |
| 15:36 | Create | Villager (Male) |
| 15:36 | Create | Villager (Male) |
| 15:36 | Create | Villager (Male) |
| 16:01 | Create | Villager (Male) |
| 16:01 | Create | Villager (Male) |
| 16:04 | Build | Farm |
| 16:16 | Build | Blacksmith |
| 16:31 | Build | Market |
| 17:02 | Build | Settlement |
| 17:41 | Create | Spearman |
| 17:41 | Create | Spearman |
| 17:42 | Create | Spearman |
| 17:42 | Create | Spearman |
| 18:08 | Build | Farm |
| 18:16 | Build | Farm |
| 18:18 | Build | Farm |
| 18:18 | Build | Farm |
| 18:18 | Build | Farm |
| 18:18 | Build | Farm |
| 18:19 | Build | Farm |
| 18:20 | Build | Farm |
| 18:20 | Build | Farm |
| 18:21 | Build | Farm |
| 18:22 | Build | Farm |
| 18:42 | Create | Villager (Male) |
| 18:42 | Create | Villager (Male) |
| 19:56 | Research | Castle Age |
| 21:06 | Build | Farm |
| 21:06 | Build | Farm |
| 21:06 | Build | Farm |
| 21:08 | Build | Farm |
| 21:08 | Build | Farm |
| 21:08 | Build | Farm |
| 21:08 | Build | Farm |
| 21:10 | Build | Farm |
| 21:12 | Build | Farm |
| 21:13 | Build | Farm |
| 21:13 | Build | Farm |
| 21:14 | Build | Farm |
| 22:18 | Build | Settlement |
| 22:32 | Research | Forging |
| 22:41 | Create | Trade Cart |
| 22:41 | Create | Trade Cart |
| 22:42 | Create | Trade Cart |
| 22:49 | Age | Castle Age |
| 23:23 | Research | Squires |
| 23:32 | Research | Arson |
| 23:46 | Research | Iron Casting |
| 23:51 | Research | Heavy Plow |
| 23:54 | Research | Gold Mining |
| 24:07 | Create | Villager (Male) |
| 24:07 | Create | Villager (Male) |
| 24:08 | Create | Villager (Male) ×5 |
| 24:26 | Create | Trade Cart |
| 24:26 | Create | Trade Cart |
| 25:03 | Build | Settlement |
| 26:27 | Build | Town Center |
| 27:19 | Build | House |
| 27:23 | Build | House |
| 27:24 | Build | House |
| 27:25 | Build | House |
| 27:26 | Build | House |
| 27:49 | Create | Villager (Male) ×5 |
| 27:49 | Create | Villager (Male) ×5 |
| 27:52 | Create | Villager (Male) ×5 |
| 27:52 | Create | Villager (Male) ×5 |
| 27:52 | Create | Villager (Male) ×5 |
| 27:52 | Create | Villager (Male) ×5 |
| 27:53 | Create | Villager (Male) ×5 |
| 27:53 | Create | Villager (Male) ×5 |
| 28:32 | Build | Town Center |
| 30:05 | Build | University |
| 30:14 | Build | Monastery |
| 30:29 | Create | Villager (Male) ×5 |
| 30:29 | Create | Villager (Male) ×5 |
| 30:29 | Create | Villager (Male) ×5 |
| 30:29 | Create | Villager (Male) ×5 |
| 30:30 | Create | Villager (Male) ×5 |
| 30:30 | Create | Villager (Male) ×5 |
| 30:41 | Build | Farm |
| 31:28 | Create | Spearman |
| 31:28 | Create | Spearman |
| 31:28 | Create | Spearman |
| 31:28 | Create | Spearman |
| 31:53 | Create | Monk |
| 32:20 | Build | Farm |
| 32:21 | Build | Farm |
| 32:21 | Build | Farm |
| 32:21 | Build | Farm |
| 32:21 | Build | Farm |
| 32:22 | Build | Farm |
| 32:22 | Build | Farm |
| 32:22 | Build | Farm |
| 32:23 | Build | Farm |
| 32:23 | Build | Farm |
| 32:24 | Build | Farm |
| 32:24 | Build | Farm |
| 32:24 | Build | Farm |
| 32:31 | Create | Villager (Male) |
| 32:31 | Create | Villager (Male) |
| 32:32 | Create | Villager (Male) |
| 32:32 | Create | Villager (Male) |
| 32:58 | Build | Castle |
Match timeline
| 6:57 | Czarhe · first_building Barracks |
| 10:08 | d ka tatagos sakin ya · age_up feudal |
| 11:53 | gertiekummet16841 · age_up feudal |
| 12:02 | ABDUL-BASIT ADAM · age_up feudal |
| 13:04 | Hardd · age_up feudal |
| 13:45 | Lucius Cornelius Sulla · age_up feudal |
| 13:57 | BOOSTED · first_building Barracks |
| 14:06 | ABDUL-BASIT ADAM · first_building Barracks |
| 14:07 | BOOSTED · age_up feudal |
| 14:14 | Czarhe · age_up feudal |
| 14:14 | alambaliid · age_up feudal |
| 16:01 | d ka tatagos sakin ya · age_up castle |
| 17:03 | gertiekummet16841 · age_up castle |
| 17:39 | d ka tatagos sakin ya · first_building Monastery |
| 17:42 | gertiekummet16841 · first_building Castle |
| 19:03 | Hardd · age_up castle |
| 19:24 | Czarhe · age_up castle |
| 19:25 | BOOSTED · first_market_buy 100 food |
| 19:32 | BOOSTED · first_market_sell 500 wood |
| 20:13 | gertiekummet16841 · first_building Barracks |
| 20:50 | gertiekummet16841 · first_building Stable |
| 21:34 | Lucius Cornelius Sulla · first_building Barracks |
| 22:30 | gertiekummet16841 · first_building Siege Workshop |
| 22:49 | BOOSTED · age_up castle |
| 23:14 | Lucius Cornelius Sulla · age_up castle |
| 23:18 | alambaliid · age_up castle |
| 23:24 | Lucius Cornelius Sulla · first_building Monastery |
| 23:33 | alambaliid · first_building Castle |
| 23:49 | ABDUL-BASIT ADAM · age_up castle |
| 25:05 | ABDUL-BASIT ADAM · first_building Castle |
| 27:13 | Czarhe · first_building Castle |
| 27:42 | d ka tatagos sakin ya · first_building Barracks |
| 28:35 | Hardd · first_building Monastery |
| 28:37 | ABDUL-BASIT ADAM · first_building Stable |
| 28:48 | alambaliid · first_building Siege Workshop |
| 28:53 | d ka tatagos sakin ya · first_building Archery Range |
| 29:22 | Czarhe · first_market_buy 100 food |
| 29:38 | alambaliid · first_building Barracks |
| 29:48 | alambaliid · age_up imperial |
| 30:00 | Hardd · first_building Castle |
| 30:04 | d ka tatagos sakin ya · first_building Castle |
| 30:14 | BOOSTED · first_building Monastery |
| 30:24 | Lucius Cornelius Sulla · first_market_buy 100 wood |
| 31:23 | alambaliid · first_building Archery Range |
| 31:50 | ABDUL-BASIT ADAM · first_market_buy 100 food |
| 32:34 | Lucius Cornelius Sulla · first_market_sell 100 food |
| 32:46 | d ka tatagos sakin ya · first_market_buy 100 wood |
| 32:54 | Czarhe · age_up imperial |
| 32:58 | BOOSTED · first_building Castle |
| 33:00 | ABDUL-BASIT ADAM · age_up imperial |
| 33:02 | Hardd · first_building Siege Workshop |
| 33:16 | Hardd · first_building Barracks |
| 33:16 | Lucius Cornelius Sulla · first_building Castle |
| 33:27 | d ka tatagos sakin ya · age_up imperial |
| 34:00 | ABDUL-BASIT ADAM · first_market_sell 100 wood |
| 34:04 | gertiekummet16841 · wall_segment Stone Wall x8 |
| 34:27 | gertiekummet16841 · wall_segment Stone Wall x7 |
| 35:55 | gertiekummet16841 · age_up imperial |
| 36:52 | Hardd · first_building Archery Range |
| 37:45 | BOOSTED · age_up imperial |
| 38:15 | alambaliid · first_building Monastery |
| 39:11 | d ka tatagos sakin ya · first_market_sell 100 wood |
| 39:21 | Hardd · age_up imperial |
| 40:01 | gertiekummet16841 · wall_segment Stone Wall x4 |
| 40:38 | BOOSTED · first_building Siege Workshop |
| 43:33 | BOOSTED · resign |
| 44:25 | d ka tatagos sakin ya · first_building Siege Workshop |
| 48:06 | Czarhe · first_market_sell 500 wood |
[ AI ANALYSIS · 1 CREDIT ]
What really happened in this match?
Wolo.gg analyzes every decision: build order, eco, micro, common mistakes by bracket. Personalized analysis on WhatsApp or Discord in 30 seconds.
Civ guide
Chinese
Perfil
Hardd